[ AOE2 MATCH · #480497387 ]
UnrankedTurks vs Vietnamese
[ REPLAY ANALYSIS · EXTRACTED FROM THE RECORDED GAME ]
Feudal
12:56
Castle
18:47
Imperial
38:41
| APM avg | 42.9 |
| APM peak | 89 |
| eAPM avg | 22.9 |
| Villagers / military | 142 / 96 |
Focus
⚔️ 24.3% · 🌾 75.7%
Camel Scout ×87 · Unknown (2626) ×42 · Fishing Ship ×25 · Janissary ×6 · Demolition Raft ×2 · Trade Cart ×1
Feudal
13:44
Castle
17:28
Imperial
46:03
| APM avg | 44.1 |
| APM peak | 80 |
| eAPM avg | 24.2 |
| Villagers / military | 123 / 59 |
Focus
⚔️ 27.4% · 🌾 72.6%
Spearman ×19 · Battering Ram ×17 · Fishing Ship ×13 · Woad Raider ×8 · Mangonel ×6 · Monk ×5
Feudal
13:42
Castle
17:37
Imperial
33:50
| APM avg | 58.7 |
| APM peak | 80 |
| eAPM avg | 34.8 |
| Villagers / military | 154 / 225 |
Focus
⚔️ 32.7% · 🌾 67.3%
Cavalry Archer ×177 · Spearman ×38 · Fishing Ship ×18 · Unknown (2626) ×7 · Trebuchet (Packed) ×7 · Monk ×3
Feudal
12:51
Castle
16:22
Imperial
37:22
| APM avg | 49.1 |
| APM peak | 96 |
| eAPM avg | 29.9 |
| Villagers / military | 267 / 107 |
Focus
⚔️ 44.2% · 🌾 55.8%
Monaspa ×95 · Scout Cavalry ×10 · Fishing Ship ×9 · Monk ×2
Feudal
14:00
Castle
18:01
Imperial
45:20
| APM avg | 70.6 |
| APM peak | 111 |
| eAPM avg | 42.5 |
| Villagers / military | 255 / 82 |
Focus
⚔️ 24.8% · 🌾 75.2%
Ratha (Ranged) ×78 · Fishing Ship ×19 · Trebuchet (Packed) ×3 · Armored Elephant ×1
Feudal
15:33
Castle
19:04
Imperial
43:44
| APM avg | 41.8 |
| APM peak | 80 |
| eAPM avg | 33.3 |
| Villagers / military | 204 / 413 |
Focus
⚔️ 57.2% · 🌾 42.8%
Magyar Huszar ×371 · Fishing Ship ×30 · Battering Ram ×28 · Unknown (2626) ×13 · Fire Galley ×7 · Trebuchet (Packed) ×7
Feudal
12:57
Castle
17:43
Imperial
44:40
| APM avg | 57.9 |
| APM peak | 108 |
| eAPM avg | 32.4 |
| Villagers / military | 207 / 218 |
Focus
⚔️ 22.7% · 🌾 77.3%
Knight ×120 · Coustillier ×54 · Spearman ×41 · Fishing Ship ×21 · Unknown (2626) ×4 · Trebuchet (Packed) ×3
Feudal
12:34
Castle
20:57
Imperial
37:48
| APM avg | 38.6 |
| APM peak | 79 |
| eAPM avg | 19.6 |
| Villagers / military | 154 / 119 |
Focus
⚔️ 35.7% · 🌾 64.3%
Knight ×100 · Unknown (2626) ×26 · Demolition Raft ×15 · Fishing Ship ×6 · Trebuchet (Packed) ×4
Match map
Initial resources + every placement click. Lines = walls · curves = elevation contours. ◆ gold · ⬟ stone · ● berries · ✦ relic · ◌ wall gap
Inputs per minute
— S-Tier Willy - - Brunker
Build order — S-Tier Willy
First 150 of 444 actions detected
| 0:20 | Build | Town Center |
| 1:02 | Build | Dock |
| 1:04 | Build | House |
| 2:35 | Create | Villager (Male) |
| 2:35 | Create | Villager (Male) |
| 2:36 | Create | Villager (Male) |
| 2:36 | Create | Villager (Male) |
| 3:36 | Create | Fishing Ship |
| 4:07 | Create | Villager (Male) |
| 4:12 | Build | House |
| 4:39 | Create | Villager (Male) |
| 5:06 | Create | Villager (Male) |
| 5:25 | Create | Villager (Male) |
| 5:27 | Create | Fishing Ship |
| 5:45 | Build | House |
| 5:47 | Create | Villager (Male) |
| 6:14 | Create | Villager (Male) |
| 6:18 | Create | Fishing Ship |
| 6:39 | Create | Villager (Male) |
| 6:51 | Create | Fishing Ship |
| 6:53 | Create | Villager (Male) |
| 7:16 | Build | House |
| 7:26 | Create | Villager (Male) |
| 7:28 | Create | Villager (Male) |
| 7:31 | Build | House |
| 7:44 | Create | Fishing Ship |
| 8:23 | Create | Villager (Male) |
| 8:32 | Create | Fishing Ship |
| 8:34 | Build | House |
| 8:39 | Create | Villager (Male) |
| 9:00 | Create | Villager (Male) |
| 9:13 | Build | Lumber Camp |
| 9:15 | Create | Villager (Male) |
| 9:27 | Create | Fishing Ship |
| 9:42 | Build | House |
| 10:09 | Build | Dock |
| 10:11 | Create | Fishing Ship |
| 10:21 | Research | Loom |
| 10:44 | Research | Feudal Age |
| 10:57 | Create | Fishing Ship |
| 11:00 | Create | Fishing Ship |
| 11:27 | Build | Mining Camp |
| 12:21 | Build | House |
| 12:56 | Age | Feudal Age |
| 12:59 | Create | Unit 2626 |
| 12:59 | Create | Unit 2626 |
| 13:00 | Create | Villager (Male) |
| 13:06 | Build | Blacksmith |
| 13:16 | Build | Mill |
| 13:19 | Research | Town Watch |
| 13:29 | Create | Unit 2626 |
| 13:30 | Create | Unit 2626 |
| 13:31 | Create | Villager (Male) |
| 13:58 | Create | Unit 2626 |
| 14:03 | Research | Forging |
| 14:04 | Create | Villager (Male) |
| 14:22 | Create | Villager (Male) |
| 14:24 | Build | House |
| 14:29 | Create | Unit 2626 |
| 14:35 | Build | House |
| 15:04 | Create | Villager (Male) |
| 15:17 | Build | Market |
| 15:25 | Create | Villager (Male) |
| 15:36 | Create | Unit 2626 |
| 16:04 | Create | Unit 2626 |
| 16:07 | Research | Castle Age |
| 16:17 | Research | Double-Bit Axe |
| 16:27 | Create | Unit 2626 |
| 16:42 | Build | House |
| 16:51 | Create | Unit 2626 |
| 17:16 | Create | Unit 2626 |
| 17:23 | Research | Gold Mining |
| 17:35 | Research | Tech 906 |
| 17:53 | Create | Unit 2626 |
| 17:54 | Create | Villager (Male) |
| 18:47 | Age | Castle Age |
| 18:51 | Research | War Galley (upgrade) |
| 19:02 | Create | Villager (Male) |
| 19:10 | Build | Town Center |
| 19:29 | Create | Unit 2626 |
| 19:30 | Create | Unit 2626 |
| 19:48 | Create | Villager (Male) |
| 19:49 | Create | Villager (Male) |
| 20:00 | Create | Unit 2626 |
| 20:00 | Create | Unit 2626 |
| 20:10 | Create | Villager (Male) |
| 20:16 | Create | Villager (Male) |
| 20:22 | Research | Bow Saw |
| 20:47 | Create | Villager (Male) |
| 20:48 | Create | Villager (Male) |
| 20:54 | Build | Town Center |
| 21:07 | Create | Villager (Male) |
| 21:22 | Create | Unit 2626 |
| 21:22 | Create | Unit 2626 |
| 21:29 | Build | Dock |
| 21:33 | Create | Villager (Male) |
| 21:34 | Create | Villager (Male) |
| 21:43 | Create | Villager (Male) |
| 21:45 | Build | House |
| 21:49 | Build | Lumber Camp |
| 22:13 | Create | Unit 2626 |
| 22:13 | Create | Unit 2626 |
| 22:19 | Build | House |
| 22:22 | Create | Villager (Male) |
| 22:35 | Build | House |
| 22:36 | Create | Villager (Male) |
| 22:38 | Create | Villager (Male) |
| 22:50 | Create | Unit 2626 |
| 22:50 | Create | Unit 2626 |
| 23:12 | Create | Unit 2626 |
| 23:12 | Create | Unit 2626 |
| 23:24 | Create | Villager (Male) |
| 23:24 | Create | Villager (Male) |
| 23:27 | Build | House |
| 23:30 | Build | Farm |
| 23:31 | Build | Farm |
| 23:31 | Build | Farm |
| 23:31 | Build | Farm |
| 23:31 | Build | Farm |
| 23:32 | Build | Farm |
| 23:32 | Build | Farm |
| 23:32 | Build | Farm |
| 24:11 | Create | Unit 2626 |
| 24:12 | Create | Unit 2626 |
| 24:15 | Create | Villager (Male) |
| 24:16 | Create | Villager (Male) |
| 24:21 | Build | Farm |
| 24:22 | Create | Villager (Male) |
| 24:31 | Create | Unit 2626 |
| 24:32 | Create | Unit 2626 |
| 24:38 | Research | Iron Casting |
| 24:56 | Create | Villager (Male) |
| 25:00 | Build | Farm |
| 25:01 | Build | Farm |
| 25:08 | Create | Unit 2626 |
| 25:08 | Create | Unit 2626 |
| 25:09 | Create | Unit 2626 |
| 25:18 | Create | Villager (Male) |
| 25:19 | Create | Villager (Male) |
| 25:23 | Build | Farm |
| 25:24 | Build | Farm |
| 25:30 | Create | Unit 2626 |
| 25:31 | Create | Unit 2626 |
| 25:52 | Create | Villager (Male) |
| 25:53 | Create | Villager (Male) |
| 25:54 | Create | Villager (Male) |
| 26:11 | Create | Unit 2626 |
| 26:26 | Create | Villager (Male) |
| 26:47 | Create | Villager (Male) |
| 26:56 | Create | Villager (Male) |
Build order — Brunker
First 150 of 348 actions detected
| 0:14 | Build | Town Center |
| 0:55 | Build | Dock |
| 0:58 | Build | House |
| 2:32 | Create | Villager (Male) |
| 2:33 | Create | Villager (Male) |
| 2:33 | Create | Villager (Male) |
| 2:33 | Create | Villager (Male) |
| 3:28 | Create | Fishing Ship |
| 4:03 | Create | Villager (Male) |
| 4:15 | Build | House |
| 4:41 | Research | Loom |
| 4:43 | Create | Fishing Ship |
| 5:05 | Create | Villager (Male) |
| 5:35 | Create | Villager (Male) |
| 5:58 | Create | Villager (Male) |
| 6:02 | Build | House |
| 6:21 | Create | Fishing Ship |
| 6:34 | Create | Villager (Male) |
| 6:46 | Create | Villager (Male) |
| 7:06 | Create | Villager (Male) |
| 7:08 | Create | Fishing Ship |
| 7:17 | Create | Villager (Male) |
| 7:58 | Create | Villager (Male) |
| 8:00 | Create | Fishing Ship |
| 8:02 | Build | House |
| 8:07 | Build | House |
| 8:11 | Create | Villager (Male) |
| 8:12 | Create | Fishing Ship |
| 8:52 | Create | Villager (Male) |
| 8:58 | Build | Lumber Camp |
| 9:08 | Create | Villager (Male) |
| 9:12 | Build | House |
| 9:23 | Create | Villager (Male) |
| 9:37 | Create | Fishing Ship |
| 9:50 | Create | Villager (Male) |
| 10:02 | Build | Dock |
| 10:04 | Build | Palisade Wall |
| 10:11 | Build | Palisade Wall |
| 10:16 | Create | Fishing Ship |
| 10:16 | Create | Villager (Male) |
| 10:34 | Build | Palisade Wall |
| 10:38 | Create | Fishing Ship |
| 10:43 | Create | Villager (Male) |
| 10:56 | Create | Fishing Ship |
| 11:19 | Build | House |
| 11:21 | Build | Palisade Wall |
| 11:33 | Build | Mining Camp |
| 11:34 | Research | Feudal Age |
| 12:28 | Build | Barracks |
| 13:44 | Age | Feudal Age |
| 13:50 | Build | Stable |
| 13:57 | Build | Blacksmith |
| 14:00 | Research | Town Watch |
| 14:17 | Create | Spearman |
| 14:20 | Research | Double-Bit Axe |
| 14:48 | Research | Castle Age |
| 14:48 | Research | Castle Age |
| 15:19 | Create | Scout Cavalry |
| 15:47 | Create | Scout Cavalry |
| 15:53 | Research | Scale Barding Armor |
| 16:03 | Research | Tech 906 |
| 16:18 | Build | Mill |
| 17:28 | Age | Castle Age |
| 17:29 | Build | Siege Workshop |
| 17:31 | Build | Siege Workshop |
| 17:32 | Research | Bow Saw |
| 17:33 | Create | Villager (Male) |
| 17:33 | Create | Villager (Male) |
| 18:10 | Create | Battering Ram |
| 18:13 | Create | Battering Ram |
| 18:21 | Research | Light Cavalry (upgrade) |
| 18:22 | Create | Villager (Male) |
| 18:47 | Create | Scout Cavalry |
| 18:48 | Create | Villager (Male) |
| 18:51 | Build | House |
| 18:54 | Build | House |
| 19:00 | Create | Villager (Male) |
| 19:18 | Create | Mangonel |
| 19:19 | Create | Scorpion |
| 19:40 | Create | Villager (Male) |
| 19:43 | Build | Monastery |
| 20:07 | Create | Villager (Male) |
| 20:08 | Build | House |
| 20:51 | Create | Villager (Male) |
| 20:56 | Build | House |
| 20:59 | Create | Spearman |
| 21:06 | Create | Monk |
| 21:14 | Build | Lumber Camp |
| 21:18 | Create | Spearman |
| 21:24 | Create | Monk |
| 21:24 | Create | Villager (Male) |
| 21:41 | Build | House |
| 21:44 | Create | Villager (Male) |
| 21:50 | Build | Fish Trap |
| 21:53 | Build | Fish Trap |
| 21:53 | Create | Villager (Male) |
| 21:57 | Build | Farm |
| 21:58 | Build | Farm |
| 21:58 | Create | Villager (Male) |
| 22:31 | Create | Villager (Male) |
| 22:34 | Create | Mangonel |
| 22:35 | Create | Monk |
| 22:41 | Create | Villager (Male) |
| 22:43 | Build | House |
| 22:47 | Build | Farm |
| 22:47 | Build | Farm |
| 23:47 | Create | Villager (Male) |
| 23:48 | Build | Barracks |
| 23:58 | Create | Villager (Male) |
| 24:00 | Build | House |
| 24:04 | Build | Town Center |
| 24:05 | Create | Villager (Male) |
| 24:06 | Create | Villager (Male) |
| 24:07 | Create | Mangonel |
| 24:26 | Create | Villager (Male) |
| 24:29 | Create | Mangonel |
| 24:30 | Create | Villager (Male) |
| 25:07 | Create | Monk |
| 25:08 | Create | Spearman |
| 25:09 | Create | Spearman |
| 25:20 | Create | Villager (Male) |
| 25:21 | Create | Spearman |
| 25:22 | Create | Mangonel |
| 25:29 | Create | Mangonel |
| 25:41 | Create | Villager (Male) |
| 25:44 | Create | Villager (Male) |
| 25:52 | Build | Farm |
| 25:53 | Build | Farm |
| 25:55 | Build | Farm |
| 26:25 | Create | Villager (Male) |
| 26:31 | Build | Farm |
| 26:32 | Build | Farm |
| 26:34 | Create | Villager (Male) |
| 26:36 | Build | Farm |
| 26:36 | Build | Farm |
| 26:50 | Create | Villager (Male) |
| 26:57 | Build | Farm |
| 26:58 | Build | Farm |
| 27:23 | Create | Villager (Male) |
| 27:24 | Create | Villager (Male) |
| 27:37 | Create | Villager (Male) |
| 28:30 | Research | Fletching |
| 28:30 | Research | Fletching |
| 28:38 | Build | Farm |
| 28:39 | Build | Farm |
| 28:40 | Build | Farm |
| 28:52 | Build | Castle |
| 28:53 | Create | Villager (Male) |
| 28:56 | Create | Fishing Ship |
| 28:58 | Create | Fishing Ship |
Build order — Dovecar
First 150 of 545 actions detected
| 0:10 | Build | Town Center |
| 1:18 | Build | Dock |
| 1:21 | Build | House |
| 2:26 | Create | Villager (Male) |
| 2:27 | Create | Villager (Male) |
| 2:27 | Create | Villager (Male) |
| 2:27 | Create | Villager (Male) |
| 2:27 | Create | Villager (Male) |
| 3:26 | Create | Fishing Ship |
| 3:26 | Create | Fishing Ship |
| 4:10 | Create | Villager (Male) |
| 4:11 | Create | Villager (Male) |
| 4:20 | Build | House |
| 4:37 | Create | Villager (Male) |
| 4:37 | Create | Villager (Male) |
| 5:03 | Create | Villager (Male) |
| 5:04 | Create | Villager (Male) |
| 5:21 | Create | Fishing Ship |
| 5:22 | Create | Fishing Ship |
| 5:24 | Create | Villager (Male) |
| 5:24 | Create | Villager (Male) |
| 5:37 | Build | House |
| 5:50 | Create | Villager (Male) |
| 5:51 | Create | Villager (Male) |
| 6:10 | Create | Villager (Male) |
| 6:17 | Create | Fishing Ship |
| 6:17 | Create | Fishing Ship |
| 6:39 | Create | Villager (Male) |
| 6:40 | Create | Villager (Male) |
| 6:57 | Create | Fishing Ship |
| 6:57 | Create | Fishing Ship |
| 7:03 | Create | Villager (Male) |
| 7:03 | Create | Villager (Male) |
| 7:12 | Build | House |
| 7:18 | Create | Villager (Male) |
| 7:18 | Create | Villager (Male) |
| 7:30 | Create | Villager (Male) |
| 7:31 | Create | Villager (Male) |
| 7:54 | Create | Fishing Ship |
| 7:59 | Create | Villager (Male) |
| 8:09 | Build | House |
| 8:11 | Create | Villager (Male) |
| 8:11 | Create | Villager (Male) |
| 8:24 | Create | Fishing Ship |
| 8:24 | Create | Fishing Ship |
| 8:40 | Create | Fishing Ship |
| 8:42 | Build | House |
| 8:46 | Build | House |
| 9:00 | Build | House |
| 9:06 | Create | Villager (Male) |
| 9:21 | Create | Fishing Ship |
| 9:30 | Build | Lumber Camp |
| 9:36 | Create | Villager (Male) |
| 9:36 | Create | Villager (Male) |
| 10:04 | Create | Fishing Ship |
| 10:05 | Create | Villager (Male) |
| 10:12 | Create | Villager (Male) |
| 10:12 | Create | Villager (Male) |
| 10:32 | Build | Dock |
| 10:51 | Build | House |
| 11:03 | Build | Mining Camp |
| 11:08 | Build | House |
| 11:10 | Build | House |
| 11:31 | Create | Fishing Ship |
| 11:32 | Research | Feudal Age |
| 11:42 | Create | Fishing Ship |
| 12:13 | Create | Fishing Ship |
| 12:18 | Create | Fishing Ship |
| 12:24 | Create | Villager (Male) |
| 12:24 | Create | Villager (Male) |
| 12:31 | Create | Villager (Male) |
| 12:46 | Build | Barracks |
| 13:42 | Age | Feudal Age |
| 13:43 | Build | House |
| 13:46 | Build | Archery Range |
| 13:53 | Research | Double-Bit Axe |
| 14:12 | Build | Blacksmith |
| 14:31 | Research | Tech 906 |
| 14:31 | Research | Tech 906 |
| 14:55 | Research | Castle Age |
| 14:56 | Build | Archery Range |
| 15:03 | Build | House |
| 15:05 | Build | Palisade Wall |
| 15:32 | Create | Spearman |
| 15:37 | Research | Gold Mining |
| 15:59 | Build | House |
| 16:03 | Build | House |
| 16:04 | Build | Palisade Wall |
| 16:11 | Research | Fletching |
| 16:24 | Build | Palisade Wall |
| 16:32 | Build | House |
| 16:54 | Build | Palisade Wall |
| 16:58 | Build | Dock |
| 17:03 | Create | Villager (Male) |
| 17:07 | Research | Padded Archer Armor |
| 17:07 | Research | Padded Archer Armor |
| 17:25 | Build | Palisade Wall |
| 17:26 | Build | Palisade Wall |
| 17:37 | Age | Castle Age |
| 17:38 | Create | Cavalry Archer |
| 17:38 | Create | Cavalry Archer |
| 17:40 | Research | Crossbowman (upgrade) |
| 17:42 | Research | Bodkin Arrow |
| 17:44 | Research | Bow Saw |
| 17:47 | Create | Villager (Male) |
| 18:02 | Create | Villager (Male) |
| 18:06 | Build | Lumber Camp |
| 18:12 | Build | Town Center |
| 18:19 | Build | Town Center |
| 18:20 | Create | Cavalry Archer |
| 18:20 | Create | Cavalry Archer |
| 18:21 | Create | Villager (Male) |
| 18:34 | Build | University |
| 18:36 | Create | Villager (Male) |
| 18:43 | Build | Palisade Wall |
| 18:44 | Build | Palisade Wall |
| 18:56 | Build | Dock |
| 18:57 | Create | Villager (Male) |
| 18:59 | Create | Cavalry Archer |
| 18:59 | Create | Cavalry Archer |
| 19:08 | Build | House |
| 19:13 | Research | Loom |
| 19:17 | Build | House |
| 19:23 | Create | Cavalry Archer |
| 19:24 | Create | Cavalry Archer |
| 19:38 | Create | Villager (Male) |
| 19:48 | Build | House |
| 19:51 | Create | Villager (Male) |
| 19:54 | Create | Cavalry Archer |
| 19:54 | Create | Cavalry Archer |
| 20:27 | Create | Villager (Male) |
| 20:27 | Create | Villager (Male) |
| 20:38 | Research | Ballistics |
| 20:40 | Create | Villager (Male) |
| 20:41 | Create | Cavalry Archer |
| 20:41 | Create | Cavalry Archer |
| 20:50 | Create | Unit 2626 |
| 20:50 | Create | Unit 2626 |
| 21:01 | Create | Villager (Male) |
| 21:11 | Build | House |
| 21:11 | Create | Unit 2626 |
| 21:12 | Create | Unit 2626 |
| 21:24 | Create | Villager (Male) |
| 21:32 | Build | Mill |
| 21:40 | Create | Unit 2626 |
| 21:56 | Create | Unit 2626 |
| 21:56 | Create | Unit 2626 |
| 22:01 | Create | Villager (Male) |
| 22:02 | Create | Villager (Male) |
| 22:02 | Create | Villager (Male) |
Build order — Eli
First 150 of 674 actions detected
| 0:45 | Build | Town Center |
| 1:02 | Build | Dock |
| 1:04 | Build | House |
| 2:46 | Create | Villager (Male) |
| 2:46 | Create | Villager (Male) |
| 2:46 | Create | Villager (Male) |
| 2:47 | Create | Villager (Male) |
| 2:47 | Create | Villager (Male) |
| 3:42 | Create | Fishing Ship |
| 3:42 | Create | Fishing Ship |
| 3:43 | Create | Villager (Male) |
| 4:10 | Build | House |
| 4:39 | Create | Villager (Male) |
| 5:03 | Create | Villager (Male) |
| 5:03 | Create | Villager (Male) |
| 5:32 | Create | Villager (Male) |
| 5:33 | Create | Villager (Male) |
| 5:35 | Create | Fishing Ship |
| 5:51 | Build | House |
| 5:52 | Create | Villager (Male) |
| 5:53 | Create | Villager (Male) |
| 6:22 | Create | Villager (Male) |
| 6:34 | Create | Fishing Ship |
| 6:45 | Create | Villager (Male) |
| 6:48 | Build | House |
| 7:02 | Build | House |
| 7:10 | Create | Villager (Male) |
| 7:15 | Create | Villager (Male) |
| 7:28 | Create | Fishing Ship |
| 7:31 | Build | House |
| 7:56 | Create | Villager (Male) |
| 8:09 | Create | Villager (Male) |
| 8:11 | Create | Fishing Ship |
| 8:36 | Create | Villager (Male) |
| 8:36 | Create | Villager (Male) |
| 8:40 | Create | Villager (Male) |
| 8:41 | Create | Villager (Male) |
| 8:47 | Build | House |
| 9:02 | Create | Fishing Ship |
| 9:02 | Create | Fishing Ship |
| 9:35 | Create | Fishing Ship |
| 9:57 | Build | Mule Cart |
| 10:35 | Research | Feudal Age |
| 10:35 | Research | Feudal Age |
| 10:47 | Build | Barracks |
| 10:50 | Build | House |
| 10:58 | Create | Villager (Male) |
| 10:59 | Create | Villager (Male) |
| 12:51 | Age | Feudal Age |
| 12:52 | Build | Stable |
| 12:55 | Build | Blacksmith |
| 12:59 | Build | Blacksmith |
| 13:16 | Research | Double-Bit Axe |
| 13:35 | Create | Scout Cavalry |
| 13:38 | Build | Palisade Wall |
| 13:42 | Research | Castle Age |
| 13:47 | Build | Palisade Gate |
| 14:38 | Build | House |
| 14:39 | Build | Palisade Wall |
| 15:37 | Create | Villager (Male) |
| 16:12 | Build | Palisade Wall |
| 16:22 | Age | Castle Age |
| 16:24 | Build | Castle |
| 16:26 | Build | Monastery |
| 16:31 | Research | Bow Saw |
| 16:33 | Create | Villager (Male) |
| 16:59 | Create | Villager (Male) |
| 17:01 | Create | Monk |
| 17:20 | Build | Mill |
| 17:26 | Create | Monaspa |
| 17:28 | Create | Villager (Male) |
| 17:36 | Create | Monaspa |
| 17:41 | Create | Villager (Male) |
| 17:45 | Build | House |
| 17:45 | Build | House |
| 18:03 | Create | Villager (Male) |
| 18:11 | Create | Villager (Male) |
| 18:16 | Build | Town Center |
| 18:26 | Create | Villager (Male) |
| 18:31 | Create | Monaspa |
| 18:37 | Create | Villager (Male) |
| 18:47 | Build | House |
| 18:47 | Build | House |
| 18:57 | Research | Scale Barding Armor |
| 18:57 | Research | Scale Barding Armor |
| 19:11 | Create | Villager (Male) |
| 19:17 | Build | House |
| 19:39 | Research | Town Watch |
| 19:46 | Build | House |
| 19:50 | Create | Villager (Male) |
| 20:02 | Build | Town Center |
| 20:07 | Create | Villager (Male) |
| 20:13 | Build | Palisade Wall |
| 20:25 | Build | Farm |
| 20:26 | Build | Farm |
| 20:30 | Build | House |
| 20:31 | Create | Villager (Male) |
| 20:34 | Build | Stone Wall |
| 20:47 | Build | Farm |
| 20:49 | Build | Farm |
| 20:51 | Create | Villager (Male) |
| 20:51 | Create | Villager (Male) |
| 20:54 | Build | Farm |
| 21:18 | Create | Villager (Male) |
| 21:32 | Create | Villager (Male) |
| 21:32 | Create | Villager (Male) |
| 21:34 | Build | House |
| 21:41 | Create | Villager (Male) |
| 21:41 | Create | Villager (Male) |
| 21:49 | Build | House |
| 21:50 | Create | Villager (Male) |
| 21:50 | Create | Villager (Male) |
| 21:53 | Build | Farm |
| 21:56 | Build | Farm |
| 22:01 | Build | Farm |
| 22:09 | Create | Villager (Male) |
| 22:12 | Build | House |
| 22:13 | Build | House |
| 22:14 | Build | House |
| 22:18 | Create | Villager (Male) |
| 22:18 | Create | Villager (Male) |
| 22:36 | Build | Farm |
| 22:39 | Create | Villager (Male) |
| 22:39 | Create | Villager (Male) |
| 22:43 | Create | Villager (Male) |
| 22:44 | Create | Villager (Male) |
| 22:44 | Create | Villager (Male) |
| 22:49 | Create | Villager (Male) |
| 22:49 | Create | Villager (Male) |
| 22:53 | Build | Monastery |
| 22:55 | Create | Villager (Male) |
| 23:08 | Create | Villager (Male) |
| 23:13 | Create | Villager (Male) |
| 23:13 | Create | Villager (Male) |
| 23:17 | Create | Villager (Male) |
| 23:17 | Create | Villager (Male) |
| 23:23 | Create | Villager (Male) |
| 23:27 | Build | Mule Cart |
| 23:32 | Create | Villager (Male) |
| 23:37 | Build | House |
| 23:38 | Build | House |
| 23:39 | Create | Villager (Male) |
| 23:44 | Build | Palisade Wall |
| 23:45 | Build | Palisade Wall |
| 23:46 | Create | Villager (Male) |
| 24:01 | Create | Villager (Male) |
| 24:03 | Create | Villager (Male) |
| 24:05 | Build | Town Center |
| 24:11 | Research | Horse Collar |
| 24:11 | Research | Horse Collar |
Build order — littlestjeff1
First 150 of 525 actions detected
| 0:19 | Build | Town Center |
| 0:52 | Build | Dock |
| 1:35 | Build | House |
| 2:37 | Create | Villager (Male) |
| 2:37 | Create | Villager (Male) |
| 2:37 | Create | Villager (Male) |
| 2:38 | Create | Villager (Male) |
| 4:02 | Create | Villager (Male) |
| 4:02 | Create | Villager (Male) |
| 4:02 | Create | Villager (Male) |
| 4:21 | Create | Villager (Male) |
| 4:21 | Create | Villager (Male) |
| 4:29 | Build | House |
| 4:56 | Create | Fishing Ship |
| 4:56 | Create | Fishing Ship |
| 5:06 | Create | Villager (Male) |
| 5:06 | Create | Villager (Male) |
| 5:31 | Create | Villager (Male) |
| 5:32 | Create | Villager (Male) |
| 5:36 | Create | Fishing Ship |
| 5:36 | Create | Fishing Ship |
| 5:36 | Create | Fishing Ship |
| 5:46 | Build | House |
| 5:58 | Research | Loom |
| 5:58 | Research | Loom |
| 6:23 | Create | Villager (Male) |
| 6:23 | Create | Villager (Male) |
| 6:23 | Create | Villager (Male) |
| 6:27 | Create | Fishing Ship |
| 6:46 | Create | Villager (Male) |
| 6:46 | Create | Villager (Male) |
| 6:50 | Create | Fishing Ship |
| 6:50 | Create | Fishing Ship |
| 7:13 | Build | House |
| 7:13 | Create | Villager (Male) |
| 7:14 | Create | Villager (Male) |
| 7:14 | Create | Villager (Male) |
| 7:33 | Build | House |
| 7:36 | Create | Villager (Male) |
| 7:37 | Create | Villager (Male) |
| 8:04 | Create | Villager (Male) |
| 8:05 | Create | Villager (Male) |
| 8:05 | Create | Villager (Male) |
| 8:06 | Create | Fishing Ship |
| 8:06 | Create | Fishing Ship |
| 8:06 | Create | Fishing Ship |
| 8:06 | Create | Fishing Ship |
| 8:18 | Build | House |
| 8:28 | Create | Villager (Male) |
| 8:42 | Build | House |
| 8:45 | Create | Villager (Male) |
| 8:50 | Create | Fishing Ship |
| 9:11 | Create | Villager (Male) |
| 9:11 | Create | Villager (Male) |
| 9:20 | Build | Palisade Wall |
| 9:27 | Create | Villager (Male) |
| 9:28 | Create | Villager (Male) |
| 9:44 | Build | Lumber Camp |
| 9:46 | Create | Villager (Male) |
| 9:46 | Create | Villager (Male) |
| 9:46 | Create | Villager (Male) |
| 9:55 | Create | Villager (Male) |
| 10:05 | Create | Fishing Ship |
| 10:10 | Create | Villager (Male) |
| 10:31 | Build | Mining Camp |
| 10:34 | Create | Villager (Male) |
| 10:34 | Create | Villager (Male) |
| 10:37 | Build | House |
| 11:00 | Build | House |
| 11:00 | Build | House |
| 11:08 | Create | Fishing Ship |
| 11:39 | Build | Palisade Wall |
| 11:47 | Research | Feudal Age |
| 11:47 | Research | Feudal Age |
| 11:53 | Build | House |
| 11:58 | Build | House |
| 12:10 | Build | Dock |
| 12:31 | Build | Palisade Wall |
| 12:36 | Build | Mill |
| 12:51 | Build | Mill |
| 13:39 | Create | Villager (Male) |
| 13:39 | Create | Villager (Male) |
| 14:00 | Age | Feudal Age |
| 14:04 | Build | Market |
| 14:11 | Build | Blacksmith |
| 14:34 | Build | House |
| 14:37 | Build | House |
| 14:44 | Build | Palisade Wall |
| 14:48 | Create | Villager (Male) |
| 14:57 | Research | Double-Bit Axe |
| 14:57 | Research | Double-Bit Axe |
| 15:10 | Build | Stone Wall |
| 15:21 | Research | Castle Age |
| 15:21 | Research | Castle Age |
| 15:21 | Research | Castle Age |
| 15:35 | Build | Stone Wall |
| 15:38 | Build | Stone Wall |
| 15:51 | Research | Tech 906 |
| 15:51 | Create | Fishing Ship |
| 15:51 | Create | Fishing Ship |
| 16:03 | Build | Palisade Wall |
| 16:03 | Build | Palisade Wall |
| 17:05 | Create | Fishing Ship |
| 17:05 | Create | Fishing Ship |
| 17:19 | Research | Fletching |
| 17:19 | Research | Fletching |
| 17:21 | Create | Villager (Male) |
| 17:53 | Create | Villager (Male) |
| 18:01 | Age | Castle Age |
| 18:02 | Build | Castle |
| 18:15 | Build | House |
| 18:16 | Build | Palisade Wall |
| 18:21 | Build | Lumber Camp |
| 18:24 | Create | Villager (Male) |
| 18:25 | Build | House |
| 18:27 | Build | Palisade Wall |
| 18:35 | Build | Mining Camp |
| 18:38 | Create | Villager (Male) |
| 18:41 | Research | Bodkin Arrow |
| 18:46 | Create | Villager (Male) |
| 19:04 | Build | Siege Workshop |
| 19:11 | Create | Villager (Male) |
| 19:19 | Create | Ratha (Ranged) |
| 19:19 | Create | Ratha (Ranged) |
| 19:23 | Research | Padded Archer Armor |
| 19:24 | Create | Villager (Male) |
| 19:32 | Create | Ratha (Ranged) |
| 19:32 | Create | Ratha (Ranged) |
| 19:39 | Create | Villager (Male) |
| 19:49 | Create | Villager (Male) |
| 19:56 | Build | Monastery |
| 19:56 | Create | Villager (Male) |
| 19:58 | Create | Villager (Male) |
| 20:02 | Create | Villager (Male) |
| 20:06 | Research | Town Watch |
| 20:06 | Research | Town Watch |
| 20:15 | Create | Ratha (Ranged) |
| 20:15 | Create | Ratha (Ranged) |
| 20:16 | Create | Ratha (Ranged) |
| 20:16 | Create | Villager (Male) |
| 20:44 | Create | Villager (Male) |
| 20:49 | Create | Villager (Male) |
| 20:51 | Build | Market |
| 20:52 | Create | Villager (Male) |
| 20:57 | Create | Armored Elephant |
| 21:01 | Create | Villager (Male) |
| 21:19 | Create | Villager (Male) |
| 21:21 | Research | Gold Mining |
| 21:21 | Research | Gold Mining |
| 21:29 | Create | Ratha (Ranged) |
Build order — DaddyWonder
First 150 of 857 actions detected
| 0:03 | Build | Town Center |
| 0:36 | Build | Dock |
| 0:38 | Build | House |
| 2:23 | Create | Villager (Male) |
| 2:23 | Create | Villager (Male) |
| 2:23 | Create | Villager (Male) |
| 2:26 | Create | Villager (Male) |
| 2:26 | Create | Villager (Male) |
| 3:26 | Create | Fishing Ship |
| 3:43 | Create | Villager (Male) |
| 3:43 | Create | Villager (Male) |
| 4:18 | Build | House |
| 4:19 | Create | Villager (Male) |
| 4:20 | Create | Villager (Male) |
| 4:41 | Create | Villager (Male) |
| 5:07 | Create | Villager (Male) |
| 5:21 | Build | House |
| 5:32 | Create | Fishing Ship |
| 5:36 | Create | Villager (Male) |
| 5:36 | Create | Villager (Male) |
| 5:36 | Create | Villager (Male) |
| 6:06 | Create | Villager (Male) |
| 6:07 | Create | Fishing Ship |
| 6:27 | Build | House |
| 6:31 | Create | Villager (Male) |
| 6:31 | Create | Villager (Male) |
| 6:51 | Create | Villager (Male) |
| 6:57 | Create | Fishing Ship |
| 7:01 | Build | House |
| 7:17 | Create | Villager (Male) |
| 7:23 | Create | Fishing Ship |
| 7:23 | Create | Fishing Ship |
| 7:24 | Create | Fishing Ship |
| 7:32 | Build | House |
| 7:36 | Build | Palisade Wall |
| 7:43 | Create | Villager (Male) |
| 8:10 | Build | Lumber Camp |
| 8:12 | Create | Villager (Male) |
| 8:21 | Create | Fishing Ship |
| 8:33 | Create | Villager (Male) |
| 8:46 | Create | Fishing Ship |
| 8:52 | Create | Villager (Male) |
| 9:08 | Create | Fishing Ship |
| 9:13 | Build | House |
| 9:23 | Build | Building 804 |
| 9:26 | Create | Villager (Male) |
| 9:41 | Build | Dock |
| 9:45 | Create | Villager (Male) |
| 9:50 | Build | House |
| 9:51 | Build | House |
| 9:52 | Build | House |
| 10:12 | Create | Villager (Male) |
| 10:26 | Build | Lumber Camp |
| 10:27 | Create | Villager (Male) |
| 10:31 | Create | Fishing Ship |
| 10:42 | Build | House |
| 10:43 | Build | Palisade Wall |
| 10:44 | Build | Palisade Wall |
| 10:47 | Create | Fishing Ship |
| 10:48 | Create | Fishing Ship |
| 10:54 | Create | Villager (Male) |
| 11:03 | Create | Villager (Male) |
| 11:13 | Build | House |
| 11:14 | Build | House |
| 11:17 | Build | Palisade Wall |
| 11:26 | Create | Fishing Ship |
| 11:27 | Create | Fishing Ship |
| 11:33 | Create | Villager (Male) |
| 11:48 | Build | House |
| 11:51 | Create | Villager (Male) |
| 11:57 | Create | Villager (Male) |
| 12:13 | Create | Fishing Ship |
| 12:13 | Create | Fishing Ship |
| 12:13 | Create | Fishing Ship |
| 12:17 | Build | House |
| 12:19 | Build | Palisade Wall |
| 12:22 | Create | Fishing Ship |
| 12:30 | Build | Dock |
| 12:43 | Create | Villager (Male) |
| 13:09 | Create | Fishing Ship |
| 13:09 | Create | Fishing Ship |
| 13:10 | Create | Fishing Ship |
| 13:10 | Create | Fishing Ship |
| 13:23 | Research | Feudal Age |
| 13:43 | Build | Mining Camp |
| 13:46 | Create | Fishing Ship |
| 13:47 | Create | Fishing Ship |
| 13:47 | Create | Fishing Ship |
| 13:57 | Create | Villager (Male) |
| 14:19 | Build | Dock |
| 14:26 | Create | Fishing Ship |
| 14:26 | Create | Fishing Ship |
| 14:27 | Create | Fishing Ship |
| 14:43 | Build | Mill |
| 15:33 | Research | Loom |
| 15:33 | Age | Feudal Age |
| 15:36 | Build | Market |
| 15:37 | Build | Blacksmith |
| 15:50 | Research | Tech 906 |
| 15:51 | Research | Tech 906 |
| 15:51 | Research | Tech 906 |
| 16:05 | Create | Fishing Ship |
| 16:14 | Research | Double-Bit Axe |
| 16:24 | Research | Castle Age |
| 17:04 | Create | Villager (Male) |
| 17:48 | Create | Unit 2626 |
| 17:48 | Create | Unit 2626 |
| 17:48 | Create | Unit 2626 |
| 18:01 | Research | Gold Mining |
| 18:05 | Research | Scale Barding Armor |
| 18:19 | Create | Villager (Male) |
| 19:04 | Age | Castle Age |
| 19:08 | Research | War Galley (upgrade) |
| 19:08 | Create | Villager (Male) |
| 19:10 | Research | Bow Saw |
| 19:16 | Build | Castle |
| 19:26 | Build | Town Center |
| 19:39 | Build | Dock |
| 19:47 | Create | Villager (Male) |
| 20:02 | Build | Mining Camp |
| 20:21 | Create | Villager (Male) |
| 20:23 | Create | Magyar Huszar |
| 20:23 | Create | Magyar Huszar |
| 20:23 | Create | Magyar Huszar |
| 20:25 | Create | Magyar Huszar |
| 20:34 | Create | Fire Galley |
| 20:35 | Create | Fire Galley |
| 20:35 | Create | Fire Galley |
| 20:35 | Create | Fire Galley |
| 20:51 | Create | Villager (Male) |
| 20:53 | Create | Magyar Huszar |
| 20:53 | Create | Magyar Huszar |
| 20:53 | Create | Magyar Huszar |
| 20:54 | Create | Magyar Huszar |
| 20:55 | Create | Villager (Male) |
| 20:56 | Create | Villager (Male) |
| 20:56 | Create | Villager (Male) |
| 20:56 | Create | Villager (Male) |
| 20:57 | Create | Villager (Male) |
| 20:57 | Create | Villager (Male) |
| 20:57 | Create | Villager (Male) |
| 21:13 | Create | Villager (Male) |
| 21:13 | Create | Villager (Male) |
| 21:17 | Create | Magyar Huszar |
| 21:17 | Create | Magyar Huszar |
| 21:18 | Create | Magyar Huszar |
| 21:23 | Create | Villager (Male) |
| 21:27 | Create | Magyar Huszar |
| 21:35 | Create | Fire Galley |
| 21:35 | Create | Fire Galley |
Build order — matt_Solo
First 150 of 539 actions detected
| 0:11 | Build | Town Center |
| 0:45 | Build | Dock |
| 1:11 | Build | House |
| 2:28 | Create | Villager (Male) ×4 |
| 3:31 | Create | Fishing Ship |
| 3:51 | Create | Villager (Male) |
| 3:51 | Create | Villager (Male) |
| 4:14 | Build | House |
| 4:18 | Create | Villager (Male) |
| 4:18 | Create | Villager (Male) |
| 4:55 | Create | Villager (Male) |
| 4:55 | Create | Villager (Male) |
| 5:28 | Create | Villager (Male) |
| 5:28 | Create | Villager (Male) |
| 5:29 | Create | Villager (Male) |
| 5:35 | Create | Fishing Ship |
| 5:35 | Create | Fishing Ship |
| 5:35 | Create | Fishing Ship |
| 5:55 | Build | House |
| 6:07 | Create | Villager (Male) |
| 6:07 | Create | Villager (Male) |
| 6:17 | Build | House |
| 6:33 | Create | Fishing Ship |
| 6:33 | Create | Fishing Ship |
| 6:50 | Create | Villager (Male) |
| 6:50 | Create | Villager (Male) |
| 6:50 | Create | Villager (Male) |
| 6:57 | Create | Villager (Male) |
| 6:58 | Create | Villager (Male) |
| 7:04 | Build | House |
| 7:24 | Create | Villager (Male) |
| 7:24 | Create | Villager (Male) |
| 7:26 | Create | Fishing Ship |
| 7:26 | Create | Fishing Ship |
| 7:39 | Create | Villager (Male) |
| 7:40 | Create | Villager (Male) |
| 7:59 | Create | Fishing Ship |
| 7:59 | Create | Fishing Ship |
| 8:01 | Create | Villager (Male) |
| 8:01 | Create | Villager (Male) |
| 8:27 | Create | Villager (Male) |
| 8:27 | Create | Villager (Male) |
| 8:27 | Create | Villager (Male) |
| 8:28 | Create | Fishing Ship |
| 8:28 | Create | Fishing Ship |
| 8:59 | Create | Fishing Ship |
| 9:23 | Build | House |
| 9:28 | Research | Loom |
| 9:36 | Create | Villager (Male) |
| 9:53 | Build | Mining Camp |
| 10:09 | Create | Villager (Male) |
| 10:14 | Create | Fishing Ship |
| 10:38 | Build | House |
| 10:47 | Research | Feudal Age |
| 11:01 | Build | Mill |
| 11:26 | Create | Fishing Ship |
| 11:32 | Build | Lumber Camp |
| 11:45 | Create | Fishing Ship |
| 12:02 | Research | Double-Bit Axe |
| 12:07 | Create | Villager (Male) |
| 12:38 | Create | Villager (Male) |
| 12:54 | Create | Villager (Male) |
| 12:57 | Age | Feudal Age |
| 13:03 | Build | Blacksmith |
| 13:33 | Build | Barracks |
| 13:38 | Create | Villager (Male) |
| 14:20 | Build | Stable |
| 14:33 | Research | Bow Saw |
| 14:38 | Create | Villager (Male) |
| 15:01 | Research | Castle Age |
| 15:10 | Build | Palisade Wall |
| 15:18 | Build | Building 804 |
| 15:25 | Build | House |
| 15:31 | Research | Horse Collar |
| 15:43 | Build | Dock |
| 15:47 | Create | Fishing Ship |
| 16:01 | Research | Scale Barding Armor |
| 16:10 | Create | Villager (Male) |
| 16:14 | Research | Horse Collar |
| 16:27 | Build | House |
| 16:30 | Build | Palisade Wall |
| 16:36 | Create | Spearman |
| 16:55 | Create | Fishing Ship |
| 17:43 | Age | Castle Age |
| 17:46 | Build | Farm |
| 17:47 | Build | Farm |
| 17:48 | Build | Farm |
| 17:51 | Build | Town Center |
| 17:55 | Create | Knight |
| 17:55 | Create | Knight |
| 17:58 | Research | Chain Barding Armor |
| 18:14 | Create | Fishing Ship |
| 18:17 | Build | House |
| 18:21 | Create | Villager (Male) |
| 18:48 | Create | Villager (Male) |
| 19:14 | Research | Wheelbarrow |
| 19:17 | Build | Farm |
| 19:19 | Build | Farm |
| 19:20 | Build | Farm |
| 19:22 | Build | Farm |
| 19:22 | Build | Farm |
| 19:27 | Create | Villager (Male) |
| 19:27 | Create | Villager (Male) |
| 19:39 | Create | Villager (Male) |
| 19:44 | Create | Villager (Male) |
| 19:57 | Create | Knight |
| 19:58 | Create | Knight |
| 20:06 | Create | Villager (Male) |
| 20:07 | Build | Farm |
| 20:08 | Build | Farm |
| 20:10 | Build | Farm |
| 20:11 | Build | Farm |
| 20:19 | Create | Unit 2626 |
| 20:34 | Create | Villager (Male) |
| 20:35 | Create | Villager (Male) |
| 20:43 | Create | Villager (Male) |
| 20:45 | Create | Villager (Male) |
| 20:46 | Create | Knight |
| 20:47 | Create | Knight |
| 20:57 | Create | Unit 2626 |
| 20:57 | Create | Unit 2626 |
| 21:12 | Create | Knight |
| 21:19 | Create | Villager (Male) |
| 21:22 | Build | Farm |
| 21:23 | Build | Farm |
| 21:23 | Build | Farm |
| 21:41 | Create | Unit 2626 |
| 21:49 | Create | Knight |
| 21:50 | Create | Knight |
| 21:50 | Create | Villager (Male) |
| 21:54 | Build | House |
| 21:55 | Build | House |
| 22:14 | Create | Knight |
| 22:24 | Create | Villager (Male) |
| 22:27 | Build | Farm |
| 22:28 | Build | Farm |
| 22:31 | Create | Villager (Male) |
| 22:46 | Create | Villager (Male) |
| 22:47 | Create | Villager (Male) |
| 22:56 | Create | Villager (Male) |
| 22:57 | Create | Villager (Male) |
| 22:59 | Create | Villager (Male) |
| 23:04 | Build | Stable |
| 23:11 | Research | Husbandry |
| 23:12 | Research | Cavalier (upgrade) |
| 23:25 | Create | Knight |
| 23:25 | Create | Knight |
| 23:38 | Research | Forging |
| 23:44 | Create | Villager (Male) |
| 23:44 | Create | Villager (Male) |
Build order — Djo
First 150 of 457 actions detected
| 0:40 | Build | Town Center |
| 1:08 | Build | Dock |
| 1:10 | Build | House |
| 2:58 | Create | Villager (Male) |
| 2:58 | Create | Villager (Male) |
| 2:58 | Create | Villager (Male) |
| 2:59 | Create | Villager (Male) |
| 2:59 | Create | Villager (Male) |
| 4:01 | Create | Fishing Ship |
| 4:14 | Create | Villager (Male) |
| 4:48 | Build | House |
| 4:59 | Create | Villager (Male) |
| 5:30 | Create | Villager (Male) |
| 5:41 | Create | Fishing Ship |
| 6:01 | Create | Villager (Male) |
| 6:24 | Create | Fishing Ship |
| 6:26 | Create | Villager (Male) |
| 6:27 | Create | Villager (Male) |
| 6:35 | Build | House |
| 6:55 | Create | Villager (Male) |
| 6:55 | Create | Villager (Male) |
| 7:00 | Research | Loom |
| 7:00 | Create | Villager (Male) |
| 7:00 | Create | Villager (Male) |
| 7:19 | Create | Fishing Ship |
| 7:23 | Create | Villager (Male) |
| 7:23 | Create | Villager (Male) |
| 7:36 | Create | Villager (Male) |
| 7:36 | Create | Villager (Male) |
| 7:59 | Build | House |
| 8:18 | Create | Villager (Male) |
| 8:24 | Create | Fishing Ship |
| 8:27 | Create | Villager (Male) |
| 8:42 | Create | Villager (Male) |
| 8:49 | Create | Villager (Male) |
| 8:58 | Create | Villager (Male) |
| 9:14 | Create | Fishing Ship |
| 9:18 | Build | House |
| 9:45 | Build | Lumber Camp |
| 9:55 | Create | Villager (Male) |
| 10:24 | Research | Feudal Age |
| 10:24 | Research | Feudal Age |
| 10:24 | Research | Feudal Age |
| 11:04 | Build | Dock |
| 11:09 | Build | House |
| 12:14 | Create | Villager (Male) |
| 12:31 | Build | Dock |
| 12:34 | Age | Feudal Age |
| 12:37 | Create | Unit 2626 |
| 12:37 | Create | Unit 2626 |
| 12:43 | Create | Villager (Male) |
| 12:46 | Research | Double-Bit Axe |
| 12:46 | Research | Double-Bit Axe |
| 12:46 | Research | Double-Bit Axe |
| 13:09 | Create | Villager (Male) |
| 13:15 | Create | Unit 2626 |
| 13:36 | Create | Unit 2626 |
| 13:37 | Create | Unit 2626 |
| 13:37 | Create | Villager (Male) |
| 14:12 | Create | Villager (Male) |
| 14:14 | Create | Unit 2626 |
| 14:14 | Create | Unit 2626 |
| 14:14 | Create | Unit 2626 |
| 14:19 | Build | House |
| 14:22 | Build | House |
| 14:59 | Build | House |
| 15:00 | Create | Villager (Male) |
| 15:07 | Create | Unit 2626 |
| 15:07 | Create | Unit 2626 |
| 15:10 | Create | Villager (Male) |
| 15:16 | Build | Mill |
| 15:35 | Build | House |
| 15:47 | Create | Unit 2626 |
| 15:47 | Create | Unit 2626 |
| 16:05 | Create | Villager (Male) |
| 16:11 | Build | Blacksmith |
| 16:19 | Create | Villager (Male) |
| 16:31 | Create | Demolition Raft |
| 16:32 | Create | Demolition Raft |
| 16:37 | Create | Villager (Male) |
| 16:58 | Create | Demolition Raft |
| 16:58 | Create | Demolition Raft |
| 17:19 | Build | Market |
| 17:25 | Build | Stone Wall |
| 17:32 | Create | Villager (Male) |
| 17:44 | Create | Demolition Raft |
| 17:44 | Create | Demolition Raft |
| 18:00 | Build | Building 487 |
| 18:02 | Build | Stone Wall |
| 18:17 | Research | Castle Age |
| 18:18 | Research | Castle Age |
| 18:53 | Research | Forging |
| 18:53 | Research | Forging |
| 18:53 | Research | Forging |
| 19:18 | Create | Demolition Raft |
| 19:18 | Create | Demolition Raft |
| 19:18 | Create | Demolition Raft |
| 19:48 | Create | Unit 2626 |
| 19:48 | Create | Unit 2626 |
| 20:57 | Age | Castle Age |
| 20:59 | Create | Villager (Male) |
| 21:03 | Build | Town Center |
| 21:16 | Research | War Galley (upgrade) |
| 21:18 | Create | Unit 2626 |
| 21:18 | Create | Unit 2626 |
| 21:19 | Create | Unit 2626 |
| 21:32 | Create | Villager (Male) |
| 21:42 | Create | Unit 2626 |
| 21:43 | Create | Unit 2626 |
| 21:55 | Create | Villager (Male) |
| 22:06 | Build | House |
| 22:14 | Create | Demolition Raft |
| 22:14 | Create | Demolition Raft |
| 22:14 | Create | Demolition Raft |
| 22:17 | Create | Villager (Male) |
| 22:51 | Build | House |
| 22:53 | Create | Villager (Male) |
| 22:54 | Create | Villager (Male) |
| 22:55 | Create | Villager (Male) |
| 22:59 | Create | Villager (Male) |
| 23:20 | Create | Demolition Raft |
| 23:20 | Create | Demolition Raft |
| 23:20 | Create | Demolition Raft |
| 23:22 | Create | Villager (Male) |
| 23:25 | Create | Villager (Male) |
| 23:26 | Create | Villager (Male) |
| 23:27 | Research | Horse Collar |
| 23:27 | Research | Horse Collar |
| 23:28 | Research | Horse Collar |
| 23:34 | Build | Stone Wall |
| 23:38 | Build | House |
| 23:47 | Create | Villager (Male) |
| 23:47 | Create | Villager (Male) |
| 23:52 | Create | Villager (Male) |
| 23:52 | Create | Villager (Male) |
| 23:54 | Build | Lumber Camp |
| 23:59 | Build | Farm |
| 24:00 | Build | Farm |
| 24:00 | Build | Farm |
| 24:02 | Build | Farm |
| 25:05 | Create | Unit 2626 |
| 25:05 | Create | Unit 2626 |
| 25:05 | Create | Unit 2626 |
| 25:06 | Create | Unit 2626 |
| 25:17 | Create | Villager (Male) |
| 25:19 | Create | Villager (Male) |
| 25:31 | Build | Town Center |
| 25:42 | Create | Villager (Male) |
| 25:43 | Create | Villager (Male) |
| 25:43 | Create | Villager (Male) |
Match timeline
| 0:36 | DaddyWonder · first_building Dock |
| 0:45 | matt_Solo · first_building Dock |
| 0:52 | littlestjeff1 · first_building Dock |
| 0:55 | Brunker · first_building Dock |
| 1:02 | S-Tier Willy · first_building Dock |
| 1:02 | Eli · first_building Dock |
| 1:08 | Djo · first_building Dock |
| 1:18 | Dovecar · first_building Dock |
| 7:36 | DaddyWonder · wall_segment Palisade Wall x5 |
| 9:20 | littlestjeff1 · wall_segment Palisade Wall x10 |
| 10:04 | Brunker · wall_segment Palisade Wall x1 |
| 10:11 | Brunker · wall_segment Palisade Wall x1 |
| 10:34 | Brunker · wall_segment Palisade Wall x5 |
| 10:43 | DaddyWonder · wall_segment Palisade Wall x2 |
| 10:44 | DaddyWonder · wall_segment Palisade Wall x1 |
| 10:47 | Eli · first_building Barracks |
| 11:17 | DaddyWonder · wall_segment Palisade Wall x3 |
| 11:21 | Brunker · wall_segment Palisade Wall x3 |
| 11:39 | littlestjeff1 · wall_segment Palisade Wall x1 |
| 12:19 | DaddyWonder · wall_segment Palisade Wall x1 |
| 12:28 | Brunker · first_building Barracks |
| 12:31 | littlestjeff1 · wall_segment Palisade Wall x5 |
| 12:34 | Djo · age_up feudal |
| 12:46 | Dovecar · first_building Barracks |
| 12:51 | Eli · age_up feudal |
| 12:52 | Eli · first_building Stable |
| 12:56 | S-Tier Willy · age_up feudal |
| 12:57 | matt_Solo · age_up feudal |
| 13:33 | matt_Solo · first_building Barracks |
| 13:38 | Eli · wall_segment Palisade Wall x1 |
| 13:42 | Dovecar · age_up feudal |
| 13:44 | Brunker · age_up feudal |
| 13:46 | Dovecar · first_building Archery Range |
| 13:50 | Brunker · first_building Stable |
| 14:00 | littlestjeff1 · age_up feudal |
| 14:20 | matt_Solo · first_building Stable |
| 14:39 | Eli · wall_segment Palisade Wall x4 |
| 14:44 | littlestjeff1 · wall_segment Palisade Wall x16 |
| 15:05 | Dovecar · wall_segment Palisade Wall x5 |
| 15:10 | littlestjeff1 · wall_segment Stone Wall x4 |
| 15:10 | matt_Solo · wall_segment Palisade Wall x8 |
| 15:20 | littlestjeff1 · first_market_sell 100 stone |
| 15:33 | DaddyWonder · age_up feudal |
| 15:35 | littlestjeff1 · wall_segment Stone Wall x2 |
| 15:38 | littlestjeff1 · wall_segment Stone Wall x3 |
| 16:03 | littlestjeff1 · wall_segment Palisade Wall x1 |
| 16:03 | littlestjeff1 · wall_segment Palisade Wall x1 |
| 16:04 | Dovecar · wall_segment Palisade Wall x1 |
| 16:12 | Eli · wall_segment Palisade Wall x10 |
| 16:22 | Eli · age_up castle |
| 16:24 | Dovecar · wall_segment Palisade Wall x10 |
| 16:24 | Eli · first_building Castle |
| 16:26 | Eli · first_building Monastery |
| 16:30 | matt_Solo · wall_segment Palisade Wall x1 |
| 16:54 | Dovecar · wall_segment Palisade Wall x1 |
| 17:25 | Dovecar · wall_segment Palisade Wall x6 |
| 17:25 | Djo · wall_segment Stone Wall x1 |
| 17:26 | Dovecar · wall_segment Palisade Wall x1 |
| 17:28 | Brunker · age_up castle |
| 17:29 | Brunker · first_building Siege Workshop |
| 17:37 | Dovecar · age_up castle |
| 17:43 | matt_Solo · age_up castle |
| 18:01 | littlestjeff1 · age_up castle |
| 18:02 | littlestjeff1 · first_building Castle |
| 18:02 | Djo · wall_segment Stone Wall x3 |
| 18:14 | Djo · first_market_sell 100 stone |
| 18:16 | littlestjeff1 · wall_segment Palisade Wall x1 |
| 18:27 | littlestjeff1 · wall_segment Palisade Wall x1 |
| 18:43 | Dovecar · wall_segment Palisade Wall x1 |
| 18:44 | Dovecar · wall_segment Palisade Wall x1 |
| 18:47 | S-Tier Willy · age_up castle |
| 19:04 | littlestjeff1 · first_building Siege Workshop |
| 19:04 | DaddyWonder · age_up castle |
| 19:16 | DaddyWonder · first_building Castle |
| 19:43 | Brunker · first_building Monastery |
| 19:56 | littlestjeff1 · first_building Monastery |
| 20:13 | Eli · wall_segment Palisade Wall x9 |
| 20:34 | Eli · wall_segment Stone Wall x1 |
| 20:57 | Djo · age_up castle |
| 22:11 | DaddyWonder · first_building Barracks |
| 23:14 | DaddyWonder · first_market_sell 500 food |
| 23:15 | DaddyWonder · first_market_buy 100 wood |
| 23:23 | DaddyWonder · first_building Stable |
| 23:34 | Djo · wall_segment Stone Wall x3 |
| 23:40 | Dovecar · wall_segment Palisade Wall x1 |
| 23:44 | Eli · wall_segment Palisade Wall x3 |
| 23:45 | Eli · wall_segment Palisade Wall x3 |
| 24:00 | littlestjeff1 · first_market_buy 100 wood |
| 24:20 | Eli · wall_segment Stone Wall x1 |
| 24:37 | S-Tier Willy · first_market_buy 100 food |
| 24:50 | Eli · wall_segment Stone Wall x4 |
| 25:01 | Dovecar · first_building Stable |
| 25:49 | DaddyWonder · wall_segment Palisade Wall x1 |
| 27:00 | Djo · first_market_buy 100 food |
| 28:06 | S-Tier Willy · first_building Barracks |
| 28:52 | Brunker · first_building Castle |
| 29:16 | littlestjeff1 · wall_segment Stone Wall x8 |
| 29:18 | S-Tier Willy · wall_segment Palisade Wall x1 |
| 29:22 | S-Tier Willy · wall_segment Palisade Wall x1 |
| 29:49 | Dovecar · first_building Monastery |
| 30:17 | Eli · first_market_buy 100 food |
| 30:29 | Eli · wall_segment Stone Wall x1 |
| 30:29 | Eli · wall_segment Stone Wall x1 |
| 31:09 | matt_Solo · wall_segment Stone Wall x4 |
| 31:11 | matt_Solo · wall_segment Stone Wall x4 |
| 31:15 | littlestjeff1 · first_building Barracks |
| 31:51 | S-Tier Willy · first_building Stable |
| 32:00 | Brunker · first_market_sell 100 stone |
| 32:06 | DaddyWonder · first_building Siege Workshop |
| 32:11 | Brunker · first_market_buy 100 food |
| 32:27 | Brunker · wall_segment Palisade Wall x1 |
| 32:27 | Dovecar · first_building Castle |
| 32:28 | Brunker · wall_segment Palisade Wall x1 |
| 32:29 | littlestjeff1 · first_building Stable |
| 32:50 | S-Tier Willy · first_building Castle |
| 33:42 | Djo · first_building Castle |
| 33:50 | Dovecar · age_up imperial |
| 34:11 | Eli · first_market_sell 100 food |
| 34:57 | Djo · first_building Barracks |
| 36:05 | matt_Solo · first_building Castle |
| 36:23 | Djo · first_building Stable |
| 37:22 | Eli · age_up imperial |
| 37:48 | Djo · age_up imperial |
| 38:32 | Djo · wall_segment Stone Wall x11 |
| 38:41 | S-Tier Willy · age_up imperial |
| 38:57 | Dovecar · first_market_sell 100 food |
| 39:28 | S-Tier Willy · first_market_sell 100 stone |
| 41:15 | matt_Solo · first_market_sell 500 stone |
| 41:27 | Dovecar · tribute_sent a jugador 1 |
| 41:27 | Dovecar · tribute_sent a jugador 3 |
| 41:27 | Dovecar · tribute_sent a jugador 4 |
| 41:27 | Dovecar · tribute_sent a jugador 5 |
| 41:27 | Dovecar · tribute_sent a jugador 6 |
| 41:27 | Dovecar · tribute_sent a jugador 7 |
| 41:27 | Dovecar · tribute_sent a jugador 8 |
| 41:34 | Dovecar · tribute_sent a jugador 1 |
| 41:34 | Dovecar · tribute_sent a jugador 3 |
| 41:34 | Dovecar · tribute_sent a jugador 4 |
| 41:34 | Dovecar · tribute_sent a jugador 5 |
| 41:35 | Dovecar · tribute_sent a jugador 6 |
| 41:35 | Dovecar · tribute_sent a jugador 7 |
| 41:35 | Dovecar · tribute_sent a jugador 8 |
| 43:08 | S-Tier Willy · first_building Archery Range |
| 43:44 | DaddyWonder · age_up imperial |
| 44:18 | Eli · first_building Archery Range |
| 44:40 | matt_Solo · age_up imperial |
| 44:45 | S-Tier Willy · first_building Siege Workshop |
| 45:01 | Dovecar · tribute_sent a jugador 1 |
| 45:01 | Dovecar · tribute_sent a jugador 3 |
| 45:01 | Dovecar · tribute_sent a jugador 4 |
| 45:01 | Dovecar · tribute_sent a jugador 5 |
| 45:01 | Dovecar · tribute_sent a jugador 6 |
| 45:01 | Dovecar · tribute_sent a jugador 7 |
| 45:01 | Dovecar · tribute_sent a jugador 8 |
| 45:20 | littlestjeff1 · age_up imperial |
| 45:55 | Dovecar · tribute_sent a jugador 1 |
| 45:55 | Dovecar · tribute_sent a jugador 3 |
| 45:55 | Dovecar · tribute_sent a jugador 4 |
| 45:55 | Dovecar · tribute_sent a jugador 5 |
| 45:55 | Dovecar · tribute_sent a jugador 6 |
| 45:55 | Dovecar · tribute_sent a jugador 7 |
| 45:55 | Dovecar · tribute_sent a jugador 8 |
| 46:03 | Brunker · age_up imperial |
| 46:04 | Dovecar · tribute_sent a jugador 1 |
| 46:04 | Dovecar · tribute_sent a jugador 3 |
| 46:04 | Dovecar · tribute_sent a jugador 4 |
| 46:04 | Dovecar · tribute_sent a jugador 5 |
| 46:04 | Dovecar · tribute_sent a jugador 6 |
| 46:04 | Dovecar · tribute_sent a jugador 7 |
| 46:04 | Dovecar · tribute_sent a jugador 8 |
| 48:12 | S-Tier Willy · resign |
[ AI ANALYSIS · 1 CREDIT ]
What really happened in this match?
Wolo.gg analyzes every decision: build order, eco, micro, common mistakes by bracket. Personalized analysis on WhatsApp or Discord in 30 seconds.
Civ guide
Turks
Perfil
Jugador #2268136